 Dungeon Crawl Stone Soup version 0.28.0-43-g3370ac3207 (webtiles) character file.

Game seed: 13491006206199258147

20012 MisterFreud the Carver (level 12, -5/116 HPs)
             Began as a Deep Dwarf Fighter on Mar 3, 2022.
             Was a High Priest of Makhleb.
             Slain by a vault guard
             ... wielding a +0 glaive
              (17 damage)
             ... on level 13 of the Dungeon.
             The game lasted 00:22:48 (10797 turns).

MisterFreud the Carver (Deep Dwarf Fighter)        Turns: 10797, Time: 00:22:48

Health: -5/116     AC: 18    Str: 23    XL:     12   Next: 41%
Magic:  4/4        EV:  9    Int: 11    God:    Makhleb [*****.]
Gold:   402        SH:  8    Dex: 16    Spells: 11/11 levels left

rFire   . . .      SeeInvis .   b - +8 long sword of Yredelemnul {venom, rElec Dex+4}
rCold   + . .      Faith    .   c - +1 buckler
rNeg    . . .      Spirit   .   z - +1 scale mail {rC+}
rPois   .          Reflect  .   l - +0 helmet
rElec   +          Harm     .   A - +0 cloak
rCorr   .          Rampage  .   (no gloves)
Will    +....                   S - +0 pair of boots
Stlth   +.........              e - amulet of the acrobat
HPRegen 0.00/turn               K - +4 ring of slaying
MPRegen 0.09/turn               N - ring of Hecoezen {AC+4 Stlth+}

@: no status effects
A: damage resistance, heal wounds, sense surroundings 2, no regeneration
a: Heal Wounds, Renounce Religion, Minor Destruction, Lesser Servant of Makhleb,
Major Destruction, Greater Servant of Makhleb


You were on level 13 of the Dungeon.
You worshipped Makhleb.
Makhleb was extremely pleased with you.
You visited 2 branches of the dungeon, and saw 14 of its levels.
You also visited: Ossuary and Ice Cave.

You collected 776 gold pieces.
You spent 374 gold pieces at shops.

Inventory:

Hand Weapons
 b - the +8 long sword of Yredelemnul (weapon) {venom, rElec Dex+4}
   (You bought it in a shop on level 1 of the Dungeon)

   It poisons the flesh of those it strikes.
   Dex:       It affects your dexterity (+4).
   rElec:     It insulates you from electricity.
 s - the +0 eveningstar of Righteous Anger {freeze, rElec}
   (You found it on level 3 of the Dungeon)

   It freezes those it strikes, dealing additional cold damage.
   It can also slow down cold-blooded creatures.
   rElec:     It insulates you from electricity.
 L - the +4 long sword of Mandamus {vorpal, Stlth+}
   (You bought it in a shop on level 1 of the Dungeon)

   It inflicts extra damage upon your enemies.
   Stlth:     It makes you more stealthy.
Missiles
 k - 13 javelins
 n - 22 poisoned darts
 M - 5 boomerangs
Armour
 c - a +1 buckler (worn)
 f - +0 acid dragon scales
 l - a +0 helmet (worn)
 z - a +1 scale mail of cold resistance (worn)
 A - a +0 cloak (worn)
 S - a +0 pair of boots (worn)
Jewellery
 e - an amulet of the acrobat (around neck)
 m - a ring of protection from fire
 u - a ring of willpower
 F - a ring of protection from cold
 K - a +4 ring of slaying (left hand)
 N - the ring of Hecoezen (right hand) {AC+4 Stlth+}
   (You took it off a gnoll on level 6 of the Dungeon)

   [ring of protection]

   AC:        It affects your AC (+4).
   Stlth:     It makes you more stealthy.
 P - a ring of willpower
Wands
 a - a wand of flame (4)
 r - a wand of iceblast (6)
 R - a wand of charming (16)
Scrolls
 g - 3 scrolls of magic mapping
 i - 2 scrolls of holy word
 j - a scroll of blinking
 p - 4 scrolls of amnesia
 t - a scroll of silence
 w - 5 scrolls of enchant weapon
 y - 2 scrolls of fog
 D - 2 scrolls of immolation
 I - a scroll of brand weapon
 J - 2 scrolls of fear
 Q - a scroll of enchant armour
Potions
 d - 4 potions of might
 h - 4 potions of haste
 o - a potion of heal wounds
 q - 2 potions of attraction
 v - 2 potions of curing
 x - 3 potions of invisibility {unknown}
 B - 2 potions of lignification
 C - 4 potions of cancellation
 E - 2 potions of mutation {unknown}
 G - a potion of flight
 H - 2 potions of brilliance {unknown}
 O - a potion of magic
 T - 3 potions of ambrosia


   Skills:
 + Level 9.8 Fighting
 + Level 13.3 Long Blades
 - Level 10.0 Armour
 - Level 10.0 Shields
 - Level 5.0 Evocations


You had 11 spell levels left.
You didn't know any spells.
Your spell library contained the following spells:

 Spells                   Type           Power      Damage    Failure   Level
 Magic Dart               Conj           0%         1d3       67%         1
 Sandblast                Erth           0%         2d4       67%         1
 Call Imp                 Summ           0%         N/A       80%         2
 Ensorcelled Hibernation  Hex/Ice        0%         N/A       80%         2
 Passwall                 Tmut/Erth      0%         N/A       80%         2
 Dazzling Flash           Conj/Hex       0%         N/A       95%         3
 Frozen Ramparts          Ice            0%         1d2       95%         3
 Ignite Poison            Fire/Tmut/Pois 0%         N/A       95%         3
 Mephitic Cloud           Conj/Pois/Air  0%         N/A       95%         3
 Portal Projectile        Hex/Tloc       0%         N/A       95%         3
 Stone Arrow              Conj/Erth      0%         3d7       95%         3
 Summon Guardian Golem    Hex/Summ       0%         N/A       95%         3
 Swiftness                Air            0%         N/A       95%         3
 Tukima's Dance           Hex            0%         N/A       95%         3
 Airstrike                Air            0%         N/A       100%        4
 Ice Form                 Ice/Tmut       0%         N/A       100%        4
 Iskenderun's Mystic Bla  Conj/Tloc      0%         2d3       100%        4
 Passage of Golubria      Tloc           0%         N/A       100%        4
 Summon Ice Beast         Ice/Summ       0%         N/A       100%        4
 Blade Hands              Tmut           0%         N/A       100%        5
 Excruciating Wounds      Necr           0%         N/A       100%        5
 Yara's Violent Unravell  Hex/Tmut       0%         3d3       100%        5
 Starburst                Conj/Fire      0%         6d3       100%        6
 Orb of Destruction       Conj           0%         9d5       100%        7
 Spellforged Servitor     Conj/Summ      0%         N/A       100%        7
 Chain Lightning          Conj/Air       0%         N/A       100%        9


Dungeon Overview and Level Annotations

Branches:
Dungeon (13/15)            Temple (1/1) D:6            Lair (0/6) D:9
    Orc (0/2) D:10        Ossuary (visited)           IceCv (visited)
 Vaults: D:13-14

Altars:
Ashenzari
Cheibriados
Dithmenos
Elyvilon
Fedhas
Gozag
Hepliaklqana
Kikubaaqudgha
Makhleb
Nemelex Xobeh
Okawaru
Qazlal
Ru
Sif Muna
Trog
Uskayaw
Vehumet
Wu Jian
Xom
Yredelemnul
Zin
The Shining One

Shops:
D:1 (   D:7 [   D:11 *   D:12 [


Innate Abilities, Weirdness & Mutations

You are resistant to damage.
You can heal yourself by infusing magical energy.
You passively map the area around you.
You do not regenerate.


Message History

The centaur warrior kicks you but does no damage.
The vault guard hits you from afar with a +0 glaive!
* * * LOW HITPOINT WARNING * * *
Unknown command.
You slash the centaur warrior!
The centaur warrior is lightly wounded.
The centaur warrior hits you.
The centaur warrior kicks you but does no damage.
The centaur warrior hits you but does no damage.
The centaur warrior misses you.
A brown ugly thing comes into view.
You block the centaur warrior's attack. The centaur warrior barely misses you.
You block the centaur warrior's attack. x2
The brown ugly thing gurgles horribly!
You slice the centaur warrior!!
The centaur warrior is heavily wounded.
The centaur warrior hits you but does no damage.
The centaur warrior kicks you but does no damage.
The centaur warrior hits you but does no damage.
You block the centaur warrior's attack.
The vault guard hits you from afar with a +0 glaive!
* * * LOW HITPOINT WARNING * * *
The centaur warrior hits you but does no damage.
The centaur warrior kicks you but does no damage.
Unknown command.
Unknown command.
Unknown command.
Unknown command.
Unknown command.
You slice the centaur warrior!!
The centaur warrior looks as sick as possible!
The centaur warrior is almost dead.
The centaur warrior hits you but does no damage.
The centaur warrior kicks you but does no damage.
The centaur warrior hits you. You block the centaur warrior's attack.
The centaur warrior hits you!
* * * LOW HITPOINT WARNING * * *
The centaur warrior barely misses you.
The vault guard hits you from afar with a +0 glaive!!
You die...

#############
##...........##
#.............#
#.......#...cc##
#.......#...@cH#
##########.##..###p#
** ***
#...##..##.###### u#
................#
*u# * *,
................#
.#, *
................# *
.#,
#....##.####...## ,
.* #....##.####...#
* * , ,
......#....#....., ,
,


You could see a vault guard, 2 ugly things, 3 centaur warriors and a manticore.

Vanquished Creatures
  A boulder beetle (D:13)
  2 two-headed ogres
  The ghost of protoss039 the Thaumaturge, a novice DjFE of Makhleb (D:6)
  A deep elf pyromancer (D:13)
  An ugly thing (D:13)
  2 manticores (D:13)
  A cyclops (D:12)
  Maurice (D:10)
  A kobold demonologist (D:13)
  5 trolls
  3 meliai (D:12)
  A queen bee (D:11)
  A hornet (D:8)
  A meliai zombie (D:10)
  6 slime creatures
  3 wyverns
  A shadow (D:12)
  A wraith (D:13)
  2 basilisks (D:12)
  20 yaks
  2 vampire mosquitoes (D:12)
  3 steam dragons
  Menkaure (D:6)
  2 acid dragons
  2 water moccasins
  2 ice beasts
  2 sky beasts
  4 orc warriors
  3 black bears
  An ogre (D:6)
  3 necrophages
  7 centaurs
  2 wolves (D:9)
  A phantom (D:6)
  2 kobold brigands
  3 two-headed ogre simulacra (D:12)
  3 gnoll sergeants
  2 bullfrogs (D:8)
  A cane toad simulacrum (D:12)
  A wyvern zombie (D:6)
  12 scorpions
  A water moccasin zombie (D:5)
  23 killer bees (D:11)
  3 electric eels
  A howler monkey (D:6)
  11 centaur zombies
  5 hounds
  3 jellies
  2 orc priests (D:10)
  2 centaur skeletons
  4 scorpion zombies (Ossuary)
  4 iguanas
  5 orc wizards
  2 troll simulacra
  2 spriggan simulacra (D:12)
  3 mummies (Ossuary)
  10 gnolls
  5 adders
  2 naga simulacra
  A shadow imp (D:7)
  An ufetubus (D:3)
  An adder skeleton (D:4)
  4 worms
  3 dart slugs
  23 orcs
  7 ball pythons
  3 bats
  9 endoplasms
  3 giant cockroaches
  5 gnoll zombies (Ossuary)
  10 goblins
  7 hobgoblins
  2 jackals (D:2)
  6 quokkas
  A frilled lizard (D:2)
  A goblin zombie (Ossuary)
  A hobgoblin zombie (Ossuary)
  18 kobolds
  2 kobold zombies (Ossuary)
  2 orc zombies (Ossuary)
  2 quokka zombies (D:5)
  2 rats (D:1)
316 creatures vanquished.

Vanquished Creatures (others)
  11 plants
11 creatures vanquished.

Grand Total: 327 creatures vanquished

Notes
Turn   | Place    | Note
-------+----------+-------------------------------------------
     0 | D:1      | MisterFreud the Deep Dwarf Fighter began the quest for the
                  | Orb.
     0 | D:1      | Reached XP level 1. HP: 20/20 MP: 1/1
    69 | D:1      | Reached XP level 2. HP: 27/27 MP: 2/2
   173 | D:1      | Reached skill level 3 in Long Blades
   276 | D:1      | Found Cepnablo's Antique Weapon Emporium.
   404 | D:1      | Reached XP level 3. HP: 22/33 MP: 3/3
   892 | D:2      | Reached skill level 4 in Long Blades
  1054 | D:2      | Found a shimmering blue altar of Sif Muna.
  1114 | D:2      | Found a faded altar of an unknown god.
  1401 | D:3      | Found a blossoming altar of Fedhas.
  1484 | D:3      | Reached XP level 4. HP: 40/40 MP: 4/4
  1697 | D:3      | Identified the +0 eveningstar of Righteous Anger {freeze,
                  | rElec}
  2031 | D:4      | Noticed a scorpion
  2040 | D:4      | Killed a scorpion
  2041 | D:4      | Reached skill level 5 in Long Blades
  2041 | D:4      | Reached XP level 5. HP: 40/46 MP: 5/5
  2280 | D:4      | You fall into a shaft and drop 3 floors!
  2367 | D:7      | Noticed a black bear
  2378 | D:7      | Killed a black bear
  2379 | D:7      | Reached skill level 6 in Long Blades
  2379 | D:7      | Reached XP level 6. HP: 33/55 MP: 6/6
  2447 | D:7      | Reached skill level 7 in Long Blades
  2568 | D:7      | Noticed a water moccasin
  2584 | D:7      | Killed a water moccasin
  2585 | D:7      | Reached XP level 7. HP: 46/61 MP: 6/6
  2624 | D:7      | Noticed a yak
  2625 | D:7      | Noticed a yak
  2626 | D:7      | Noticed a yak
  2651 | D:7      | Killed a yak
  2652 | D:7      | Reached skill level 8 in Long Blades
  2665 | D:7      | Killed a yak
  2675 | D:7      | Noticed a yak
  2679 | D:7      | Noticed a yak
  2679 | D:7      | Noticed a yak
  2714 | D:7      | Killed a yak
  2715 | D:7      | Reached skill level 5 in Fighting
  2715 | D:7      | Reached XP level 8. HP: 31/74 MP: 6/6
  2740 | D:7      | Reached skill level 5 in Armour
  2740 | D:7      | Reached skill level 5 in Shields
  2930 | D:6      | Got the Guide on Fire and Flight
  2945 | D:5      | Entered Level 5 of the Dungeon
  2995 | D:5      | Found a sand-covered staircase.
  3002 | Ossuary  | Entered an ossuary
  3127 | Ossuary  | Reached skill level 1 in Evocations
  3247 | Ossuary  | Gained mutation: You passively map the area around you.
                  | [Deep Dwarf growth]
  3247 | Ossuary  | Reached XP level 9. HP: 55/81 MP: 6/6
  3670 | D:6      | Reached skill level 9 in Long Blades
  3670 | D:6      | Reached skill level 5 in Evocations
  3691 | D:6      | Found a staircase to the Ecumenical Temple.
  3705 | Temple   | Entered the Ecumenical Temple
  3918 | Temple   | Became a worshipper of Makhleb the Destroyer
  4361 | D:1      | Bought a fading long sword for 187 gold pieces
  4361 | D:1      | Identified the +4 long sword of Mandamus {vorpal, Stlth+}
                  | (You bought it in a shop on level 1 of the Dungeon)
  4889 | D:6      | Identified the ring of Hecoezen {AC+4 Stlth+}
  4912 | D:6      | Noticed Menkaure
  4921 | D:6      | Killed Menkaure
  5070 | D:6      | Found a runed translucent door.
  5070 | D:6      | Noticed protoss039's ghost (novice DjFE)
  5176 | D:6      | Reached skill level 10 in Long Blades
  5176 | D:6      | Reached XP level 10. HP: 49/94 MP: 6/6
  5293 | D:6      | Killed protoss039's ghost
  5439 | D:7      | Reached * piety under Makhleb
  5455 | D:7      | Found Zusocseg's Armour Shop.
  5724 | D:7      | Found a sacrificial altar of Ru.
  5941 | D:8      | Found a snail-covered altar of Cheibriados.
  5961 | D:8      | Identified the +4 short sword of Dissolution {pain, +Blink
                  | rPois rCorr Str-5}
  6271 | D:8      | Paralysed by a hornet for 1 turns
  6274 | D:8      | Reached skill level 11 in Long Blades
  6638 | D:9      | Reached ** piety under Makhleb
  6665 | D:9      | Found a staircase to the Lair.
  6708 | D:9      | Reached skill level 12 in Long Blades
  6802 | D:9      | Found a hazy altar of Hepliaklqana.
  7071 | D:1      | Bought a smoking long sword for 187 gold pieces
  7071 | D:1      | Identified the +8 long sword of Yredelemnul {venom, rElec
                  | Dex+4} (You bought it in a shop on level 1 of the Dungeon)
  7657 | D:9      | Noticed a two-headed ogre
  7668 | D:9      | Killed a two-headed ogre
  7790 | D:10     | Entered Level 10 of the Dungeon
  7837 | D:10     | HP: 2/96 [orc priest/divine providence (14)]
  7924 | D:10     | Reached XP level 11. HP: 53/103 MP: 4/4
  7967 | D:10     | Found a staircase to the Orcish Mines.
  8100 | D:10     | Noticed Maurice
  8123 | D:10     | Killed Maurice
  8157 | D:10     | Found a radiant altar of Vehumet.
  8174 | D:10     | Found an iron altar of Okawaru.
  8341 | D:10     | Found a white marble altar of Elyvilon.
  8535 | D:11     | Found Ficuro's General Store.
  8638 | D:11     | Reached *** piety under Makhleb
  8895 | D:11     | Noticed a two-headed ogre
  8906 | D:11     | Killed a two-headed ogre
  9099 | D:11     | HP: 1/103 [killer bee (9)]
  9211 | D:11     | Reached **** piety under Makhleb
  9216 | D:11     | Reached skill level 10 in Armour
  9216 | D:11     | Reached skill level 10 in Shields
  9688 | D:12     | Found a frozen archway.
  9708 | IceCv    | Entered an ice cave
 10034 | D:12     | Reached XP level 12. HP: 49/112 MP: 5/5
 10263 | D:12     | Found Qeproral's Antique Armour Shop.
 10591 | D:13     | Noticed a boulder beetle
 10607 | D:13     | Killed a boulder beetle
 10638 | D:13     | Reached skill level 13 in Long Blades
 10766 | D:13     | Noticed a centaur warrior
 10769 | D:13     | Noticed a centaur warrior
 10778 | D:13     | Reached ***** piety under Makhleb
 10785 | D:13     | Noticed a centaur warrior
 10788 | D:13     | Noticed a vault guard
 10797 | D:13     | Slain by a vault guard

Illustrated notes

Levels and vault maps discovered:
D:1:      dpeg_arrival_shrine, layout_loops_ring, serial_shops,
          nicolae_shop_trees
D:2:      layout_basic, basic_ecumenical_altar, basic_altar
D:3:      layout_basic, fedhas_altar_3
D:4:      layout_gridville, due_unseen_surprise
D:5:      layout_cave_pools, enter_ossuary_4, minmay_misc_feat_plants,
          chequers_serial_rivers_micro_c
D:6:      layout_rooms, minmay_temple_entry_wispy,
          hellmonk_ghost_happy_afterlife, uniq_menkaure
D:7:      layout_gridville, general_overflow_altar, serial_shops,
          nicolae_shop_statue_plus, minmay_misc_feat_cross
D:8:      layout_loops_ring, slow_altar_1, corner_web_ring,
          hangedman_decor_peaks_small
D:9:      lemuel_ice_spiral_2, layout_basic, nicolae_hepliaklqana_hazy_memory,
          erik_lair_island
D:10:     layout_roguey, mainiacjoe_overflow_alcove_4,
          overflow_temple_1_default, overflow_temple_1_default, david_orc_2,
          uniq_maurice
D:11:     layout_gridville, serial_shops, shop_fountains, special_room
          [special_room_bee], serial_bayou_ford_a
D:12:     layout_gridville, serial_shops, shop,
          portal_ice_cave_entry_ice_simulacra, gauntlet_entry_generic
D:13:     layout_gridville, david_vaults_5, st_stairs_14
Temple:   regret_index_temple_generic_petals

Skill      XL: |  1  2  3  4  5  6  7  8  9 10 11 12 |
---------------+-------------------------------------+-----
Long Blades    | 3 4 5 6 7 8 10 12 13 | 13.3
Fighting       | 5 7 8 9 |  9.8
Armour         | 6 7 10 | 10.0
Shields        | 6 7 10 | 10.0
Evocations     | 2 5 |  5.0

Action                   |  1- 3 |  4- 6 |  7- 9 | 10-12 || total
-------------------------+-------+-------+-------+-------++-------
Melee: Long sword        |   122 |   114 |   423 |   512 ||  1171
       Eveningstar       |       |       |       |     7 ||     7
Throw: Dart              |       |     1 |       |       ||     1
 Abil: Heal Wounds       |     1 |     4 |    10 |    16 ||    31
Evoke: Wand              |       |       |       |     1 ||     1
  Use: Scroll            |       |       |    10 |     8 ||    18
       Potion            |       |       |       |     5 ||     5
Armor: Scale mail        |    46 |    48 |   132 |   292 ||   518
Dodge: Dodged            |    60 |    66 |   191 |   293 ||   610
Block: Buckler           |    33 |    31 |    94 |   216 ||   374
